 Dungeon Crawl Stone Soup version 0.22.1-1-ga44c0e5 (webtiles) character file.

53 Sacchan the Insei (level 3, -1/28 HPs)
             Began as a Gnoll Transmuter on Sept 29, 2018.
             Slain by Terence
             ... wielding a +0 mace
              (10 damage)
             ... on level 2 of the Dungeon.
             The game lasted 00:06:46 (1087 turns).

Sacchan the Insei (Gnoll Transmuter)                Turns: 1087, Time: 00:06:47

Health: -1/28      AC:  2    Str: 13    XL:     3   Next: 89%
Magic:  9/9        EV: 14    Int: 15    God:
Gold:   49         SH:  4    Dex: 15    Spells: 11/12 levels left

rFire    + . .     SeeInvis .   n - +0 dagger
rCold    + . .     Gourm    .   m - +0 buckler
rNeg     . . .     Faith    .   b - +0 robe
rPois    .         Spirit   .   (no helmet)
rElec    .         Reflect  .   (no cloak)
rCorr    .         Harm     .   (no gloves)
MR       .....                  (no boots)
Stlth    ++........             (no amulet)
HPRegen  0.09/turn              g - ring of protection from fire
MPRegen  0.11/turn              h - ring of protection from cold

@: hasted, invisible, very quick
A: distributed training, fangs 1, strong nose
a: no special abilities


You were on level 2 of the Dungeon.
You were hungry.

You visited 1 branch of the dungeon, and saw 2 of its levels.

You collected 49 gold pieces.

Inventory:

Hand Weapons
 n - a +0 dagger (weapon)
Missiles
 a - 12 arrows
 f - 6 tomahawks (quivered)
Armour
 b - a +0 robe (worn)
 m - a +0 buckler (worn)
Jewellery
 g - a ring of protection from fire (left hand)
 h - a ring of protection from cold (right hand)
 i - an uncursed ring of ice {unknown}
 l - an uncursed ring of magical power {unknown}
Scrolls
 e - 5 scrolls of teleportation {unknown}
Potions
 k - a potion of might {unknown}
 o - a potion of curing {unknown}
Comestibles
 d - 2 rations


   Skills:
 + Level 2.6 Fighting
 + Level 1.0 Short Blades
 + Level 1.0 Long Blades
 + Level 1.0 Axes
 + Level 1.0 Maces & Flails
 + Level 1.0 Polearms
 + Level 1.0 Staves
 + Level 1.0 Slings
 + Level 1.0 Bows
 + Level 1.0 Crossbows
 + Level 1.0 Throwing
 + Level 1.0 Armour
 + Level 4.6 Dodging
 + Level 1.0 Stealth
 + Level 1.0 Shields
 + Level 6.5 Unarmed Combat
 + Level 5.0 Spellcasting
 + Level 0.7 Conjurations
 + Level 0.7 Hexes
 + Level 0.7 Charms
 + Level 0.7 Summonings
 + Level 0.7 Necromancy
 + Level 0.7 Translocations
 + Level 3.8 Transmutations
 + Level 0.7 Fire Magic
 + Level 0.7 Ice Magic
 + Level 0.7 Air Magic
 + Level 0.7 Earth Magic
 + Level 0.7 Poison Magic
 + Level 1.0 Invocations
 + Level 1.0 Evocations


You had 11 spell levels left.
You knew the following spells:

 Your Spells              Type           Power        Failure   Level  Hunger
a - Beastly Appendage     Tmut           ###...       4%          1    None

Your spell library contained the following spells:

 Spells                   Type           Power        Failure   Level  Hunger
 Sticks to Snakes         Tmut           ###.....     8%          2    ##.....
 Spider Form              Tmut/Pois      ##........   28%         3    ###....
 Ice Form                 Ice/Tmut       ##......     67%         4    ####...
 Blade Hands              Tmut           ###.......   80%         5    ######.


Dungeon Overview and Level Annotations

Branches:
Dungeon (2/15)

Altars:

Annotations:
D:2 Terence


Innate Abilities, Weirdness & Mutations

Your experience applies equally to all skills.
You have very sharp teeth.
Your uncanny sense of smell can sniff out nearby items.


Message History

Your Throwing skill increases to level 1!
Your Armour skill increases to level 1!
Your Stealth skill increases to level 1!
Your Shields skill increases to level 1!
Your Evocations skill increases to level 1!
There is a stone staircase leading up here.
You hit Terence.
Terence is heavily wounded.
You block Terence's attack.
You hit Terence but do no damage.
Terence is moderately wounded.
You closely miss Terence. You bite Terence, but do no damage.
Terence is moderately wounded.
Terence hits you but does no damage.
It was a potion of haste.
You feel yourself speed up. Terence barely misses you.
It was a potion of invisibility.
You fade into invisibility!
Terence hits you with a mace!
You die...

#
####.####................#
##
#................#######.#
.# #.#....##.######.#
####.# #####.#..#.##.# #.#
##.##.# ......#..#.##.#
#.# #.....#
#######..#.##.# #.#
##.#### #..#.##.# #.# #.#
#....##.######.# #.#
#.##.....@@..#.## #.#
#.##)##.####.#..# #.#
#.##.##.# #.##.# #.#
####.##.##.. #.##.# #.#
........####. #.##.# #.#
## ##.#.##.# .##.##.###.#
... #..##.# #......##.# ..
##.##รท## #...#..#.>..#
#.#.##...###.#......####


You could see Terence.

Vanquished Creatures
  An adder (D:2)
  A worm (D:2)
  2 dart slugs (D:1)
  2 goblins (D:1)
  2 hobgoblins (D:1)
  3 jackals (D:1)
  12 kobolds
  A ball python (D:1)
  5 bats
  6 frilled lizards (D:1)
  8 rats
43 creatures vanquished.

Notes
Turn   | Place    | Note
-------+----------+-------------------------------------------
     0 | D:1      | Sacchan the Gnoll Transmuter began the quest for the Orb.
     0 | D:1      | Reached XP level 1. HP: 17/17 MP: 6/6
   102 | D:1      | Reached XP level 2. HP: 17/23 MP: 5/7
   235 | D:1      | Reached XP level 3. HP: 20/28 MP: 7/9
   355 | D:1      | Reached skill level 5 in Spellcasting
   765 | D:2      | Reached skill level 1 in Invocations
   859 | D:2      | Noticed Terence
  1077 | D:2      | Reached skill level 1 in Short Blades
  1077 | D:2      | Reached skill level 1 in Long Blades
  1077 | D:2      | Reached skill level 1 in Axes
  1077 | D:2      | Reached skill level 1 in Maces & Flails
  1077 | D:2      | Reached skill level 1 in Polearms
  1077 | D:2      | Reached skill level 1 in Staves
  1077 | D:2      | Reached skill level 1 in Slings
  1077 | D:2      | Reached skill level 1 in Bows
  1077 | D:2      | Reached skill level 1 in Crossbows
  1077 | D:2      | Reached skill level 1 in Throwing
  1077 | D:2      | Reached skill level 1 in Armour
  1077 | D:2      | Reached skill level 1 in Stealth
  1077 | D:2      | Reached skill level 1 in Shields
  1077 | D:2      | Reached skill level 1 in Evocations
  1087 | D:2      | Slain by Terence

Skill      XL: |  1  2  3 |
---------------+----------+-----
Spellcasting   | 5 |  5.0
Invocations    | 1 |  1.0
Short Blades   | 1 |  1.0
Long Blades    | 1 |  1.0
Axes           | 1 |  1.0
Maces & Flails | 1 |  1.0
Polearms       | 1 |  1.0
Staves         | 1 |  1.0
Slings         | 1 |  1.0
Bows           | 1 |  1.0
Crossbows      | 1 |  1.0
Throwing       | 1 |  1.0
Armour         | 1 |  1.0
Stealth        | 1 |  1.0
Shields        | 1 |  1.0
Evocations     | 1 |  1.0
Fighting       | |  2.6
Dodging        | |  4.6
Unarmed Combat | |  6.5
Conjurations   | |  0.7
Hexes          | |  0.7
Charms         | |  0.7
Summonings     | |  0.7
Necromancy     | |  0.7
Translocations | |  0.7
Transmutations | |  3.8
Fire Magic     | |  0.7
Ice Magic      | |  0.7
Air Magic      | |  0.7
Earth Magic    | |  0.7
Poison Magic   | |  0.7

Action                   || total
-------------------------++-------
Melee: Unarmed           ||   105
       Kick              ||     8
       Bite              ||    11
       Headbutt          ||     9
       Dagger            ||    19
       Punch             ||     1
 Cast: Beastly Appendage ||    14
  Use: Potion            ||     2
 Stab: Sleeping          ||     2
Armor: Robe              ||    22
Dodge: Dodged            ||    79
Block: Buckler           ||    10
